 Dungeon Crawl Stone Soup version 0.30-a0-347-gf58ed5266c (webtiles) character file.

Game seed: 5458574757588106603

14354 purpskrrrp the Grappler (level 11, -6/111 HPs)
             Began as a Troll Fighter on Nov 6, 2022.
             Was an Elder of Makhleb.
             Mangled by a wolf spider (11 damage)
             ... summoned by a worldbinder
             ... on level 2 of the Abyss.
             The game lasted 00:21:05 (9065 turns).

purpskrrrp the Grappler (Troll Fighter)             Turns: 9065, Time: 00:21:05

Health: -6/111     AC:  8    Str: 32 (33) XL:     11   Next: 87%
Magic:  0/16       EV: 12    Int: -2 (0)  God:    Makhleb [****..]
Gold:   446        SH:  9    Dex:  2      Spells: 10/10 levels left

rFire   + . .      SeeInvis .      - Unarmed
rCold   . . .      Faith    .    b - +1 kite shield
rNeg    . . .      Spirit   +    A - +2 robe {rF+}
rPois   .          Reflect  .    (helmet restricted)
rElec   .          Harm     .    s - +2 cloak
rCorr   .          Rampage  .    (gloves unavailable)
Will    .....                    (boots unavailable)
Stlth   +.........               e - amulet "Tacem" {Spirit MP+9 Str+7 Dex-3}
HPRegen 1.18/turn                q - +4 ring of evasion
MPRegen 0.15/turn                (no ring)

@: slowed, lost intelligence, studying Polearms, unable to read, unable to
drink, very slow
A: large, unfitting armour, claws 3, regeneration 1, shaggy fur 1, tough skin 1,
[clumsy 2], [deformed body], [deterioration 2], [dopey 2], [low MP 2],
([teleportitis 2]), [weak 2], [subdued magic 2], [inability to drink after
injury 2], [inability to read after injury 2]
a: Renounce Religion, Minor Destruction, Lesser Servant of Makhleb, Major
Destruction


You were on level 2 of the Abyss.
You worshipped Makhleb.
Makhleb was greatly pleased with you.
You visited 1 branch of the dungeon, and saw 11 of its levels.
You visited the Abyss 1 time.
You also visited: Bailey.

You collected 446 gold pieces.

Inventory:

Hand Weapons
 t - the +8 spear of the Pillar {vorpal, *Noise rElec rN+++}
   (You found it on level 2 of the Dungeon)

   It inflicts extra damage upon your enemies.
   rElec:     It insulates you from electricity.
   rN:        It renders you almost immune to negative energy.
   *Noise:    It may make noises in combat.
 G - a +0 giant spiked club of draining
Missiles
 m - 8 throwing nets (quivered)
 C - a curare-tipped dart
Armour
 a - a +0 robe
 b - a +1 kite shield (worn)
 s - a +2 cloak (worn)
 A - a +2 robe of fire resistance (worn)
Jewellery
 e - the amulet "Tacem" (around neck) {Spirit MP+9 Str+7 Dex-3}
   (You acquired it on level 3 of the Dungeon)

   [amulet of guardian spirit]

   It causes incoming damage to be divided between your reserves of health and
   magic.
   Str:       It affects your strength (+7).
   Dex:       It affects your dexterity (-3).
   MP:        It affects your magic capacity (+9).
 q - a +4 ring of evasion (left claw)
Wands
 f - a wand of paralysis (7)
 k - a wand of roots (8)
 l - a wand of acid (13)
 D - a wand of flame (8)
Scrolls
 h - 2 scrolls of fear
 j - 2 scrolls of amnesia
 E - a scroll of blinking
 H - 2 scrolls of teleportation
Potions
 d - 2 potions of cancellation
 g - 2 potions of attraction {unknown}
 i - 2 potions of haste {unknown}
 o - a potion of resistance {unknown}
 p - 2 potions of magic {unknown}
 r - 3 potions of degeneration
 u - 3 potions of flight
 v - a potion of mutation {unknown}
 w - a potion of brilliance {unknown}
 x - 2 potions of curing
 z - 4 potions of lignification
 F - 2 potions of berserk rage {unknown}
Miscellaneous
 y - a box of beasts
 B - a phantom mirror


   Skills:
 + Level 8.2 Fighting
 - Level 6.6 Polearms
 - Level 3.0 Dodging
 + Level 9.0 Shields
 * Level 13.1 Unarmed Combat


You had 10 spell levels left.
You didn't know any spells.
Your spell library contained the following spells:

 Spells                   Type           Power      Damage    Failure   Level
 Kiss of Death            Conj/Necr      0%         2d5       75%         1
 Magic Dart               Conj           0%         1d3       75%         1
 Necrotise                Necr           0%         1d4       75%         1
 Searing Ray              Conj           0%         2d4       87%         2
 Static Discharge         Conj/Air       0%         2-2/arc   87%         2
 Call Canine Familiar     Summ           0%         N/A       98%         3
 Confusing Touch          Hex            0%         N/A       98%         3
 Ozocubu's Armour         Ice            0%         N/A       98%         3
 Portal Projectile        Hex/Tloc       0%         N/A       98%         3
 Vampiric Draining        Necr           0%         2d6       98%         3
 Vhi's Electric Charge    Tloc/Air       0%         N/A       98%         3
 Dispel Undead            Necr           0%         3d6       100%        4
 Fulminant Prism          Conj/Hex       0%         3d5       100%        4
 Leda's Liquefaction      Hex/Erth       0%         N/A       100%        4
 Agony                    Necr           0%         N/A       100%        5
 Arcjolt                  Conj/Air       0%         1d10      100%        5
 Lightning Bolt           Conj/Air       0%         1d11      100%        5
 Ozocubu's Refrigeration  Ice            0%         4d7       100%        7


Dungeon Overview and Level Annotations

Branches:
Dungeon (11/15)              Lair (0/5) D:8             Orc (0/2) D:11
 Bailey (visited)
 Temple: D:4-7

Altars:
Cheibriados
Kikubaaqudgha
Makhleb
Nemelex Xobeh
Ru
Sif Muna
Trog
Vehumet
Xom
Zin
The Shining One

Shops:
D:6 ?(:!

Annotations:
D:11 Sonja


Innate Abilities, Weirdness & Mutations

You are too large for most types of armour.
You have claws for hands.
Your natural rate of healing is unusually fast.
You are covered in fur. (AC +1)
You have tough skin. (AC +1)
[You are very clumsy. (Dex -4)]
[Armour fits poorly on your strangely shaped body.]
[Your body often deteriorates upon taking damage.]
[You are very dopey. (Int -4)]
[Your magical capacity is very low. (-20% MP)]
[((You are often teleported next to monsters.))]
[You are very weak. (Str -4)]
[Your spells are easier to cast, but less powerful.]
[You sometimes lose the ability to drink potions when taking damage.]
[You sometimes lose the ability to read scrolls when taking damage.]


Message History

Your body deteriorates!
You feel weakened. The golden dragon zombie claws you.
* * * LOW HITPOINT WARNING * * *
The golden dragon zombie barely misses you.
The wretched star pulses with an eldritch light!
You feel less energetic. x2; You feel weirdly uncertain.
You feel even more weirdly uncertain. You block the wolf spider's attack.
The wolf spider bites you but does no damage.
The large abomination barely misses you.
The worldbinder barely misses you. The worldbinder hits you.
* * * LOW HITPOINT WARNING * * *
The golden dragon zombie bites you!
* * * LOW HITPOINT WARNING * * *
The golden dragon zombie misses you.
You block the golden dragon zombie's attack.
You cannot drink potions in your current state!
You closely miss the wolf spider. The wolf spider misses you.
The wolf spider bites you but does no damage.
You block the tarantella's attack.
The worldbinder hits you but does no damage.
You block the worldbinder's attack.
The large abomination closely misses you.
The wolf spider barely misses you.
The wolf spider bites you but does no damage.
You block the tarantella's attack.
The worldbinder hits you but does no damage. x2
You barely miss the wolf spider.
The wolf spider hits you but does no damage.
You block the wolf spider's attack.
The tarantella touches you but does no damage.
A soul eater comes into view.
The large abomination hits you!!
* * * LOW HITPOINT WARNING * * *
Your body deteriorates!
You feel dopey.
The worldbinder hits you but does no damage.
The worldbinder hits you.
* * * LOW HITPOINT WARNING * * *
The wolf spider hits you!
You die...

~ 3~~........##
~~.........#.
~~~~
≈.5.........
≈♣~♣~.........#
.## ~
♣........# ..
.# ~≈. .Xx...#
.# # # ~
#.##xX...###..
. ## ~
##.s@s....#....
~~ ~
#.###*........
. ~
...###Z...#.. ≈
.~~.≈
####.##.R.## #
. . .~ .# ..☼.#
.. ... .#.
##...○# #.. .
####......# # .
# #..#.....○ .
# ##......#○.


You could see a wretched star, a soul eater (wandering), a wolf spider
(summoned), 2 large abominations, a worldbinder, an efreet, a tarantella
(summoned), a small abomination, an iron imp and a golden dragon zombie.

Vanquished Creatures
  Harold (D:11)
  Fannar (D:11)
  A centaur warrior (D:10)
  2 two-headed ogres (D:11)
  Erica (D:10)
  Pikel (D:5)
  An ugly thing (D:10)
  A cyclops (D:11)
  3 manticores
  An elephant (D:8)
  Joseph (D:8)
  2 gargoyles
  A hornet (D:8)
  2 shadows
  A vampire (Bailey)
  3 wyverns
  2 large abominations (Abyss:2)
  3 wraiths
  Eustachio (D:6)
  A basilisk (D:8)
  A water moccasin (D:5)
  An orc warrior (D:8)
  5 black bears
  An ice beast (D:6)
  2 ogres
  6 centaurs
  A phantom (D:4)
  9 kobold brigands
  Blork the orc (D:6)
  A gnoll sergeant (D:8)
  2 necrophages
  A scorpion (D:5)
  7 wights (D:9)
  7 killer bees (D:10)
  6 wolf zombies (Bailey)
  3 howler monkeys
  9 vampire bats (Bailey)
  An electric eel (D:11)
  3 hounds
  2 jellies (D:4)
  5 orc priests
  An iron imp (Abyss:2)
  An iguana (D:5)
  6 orc wizards
  11 gnolls
  8 adders
  A shadow imp (D:5)
  A white imp (D:6)
  3 ufetubi
  20 orcs
  4 bats
  4 endoplasms
  3 giant cockroaches
  11 goblins
  6 hobgoblins
  14 jackals
  43 kobolds
  10 quokkas
  10 ball pythons
  3 frilled lizards
  24 orc zombies (Bailey)
  4 rats
292 creatures vanquished.

Vanquished Creatures (others)
  A plant (D:9)
1 creature vanquished.

Grand Total: 293 creatures vanquished

Notes
Turn   | Place    | Note
-------+----------+-------------------------------------------
     0 | D:1      | purpskrrrp the Troll Fighter began the quest for the Orb.
     0 | D:1      | Reached XP level 1. HP: 22/22 MP: 0/0
    84 | D:1      | Reached XP level 2. HP: 29/29 MP: 1/1
   464 | D:1      | Reached XP level 3. HP: 34/36 MP: 2/2
   631 | D:2      | Found a shimmering altar of Xom.
   721 | D:2      | Identified the +8 spear of the Pillar {vorpal, *Noise rElec
                  | rN+++}
  1031 | D:2      | Reached XP level 4. HP: 35/44 MP: 3/3
  1531 | D:3      | Reached skill level 3 in Unarmed Combat
  1630 | D:3      | Noticed a black bear
  1635 | D:3      | Killed a black bear
  1636 | D:3      | Reached skill level 1 in Polearms
  1636 | D:3      | Reached XP level 5. HP: 53/53 MP: 4/4
  1904 | D:3      | Found a burning altar of Makhleb.
  2058 | D:3      | Became a worshipper of Makhleb the Destroyer
  2274 | D:3      | Identified a scroll of acquirement
  2274 | D:3      | Acquired the amulet "Tacem" {Spirit MP+9 Str+7 Dex-3}
  2501 | D:4      | Noticed a phantom
  2511 | D:4      | Killed a phantom
  2512 | D:4      | Reached skill level 4 in Unarmed Combat
  2512 | D:4      | Reached XP level 6. HP: 56/61 MP: 5/5
  3044 | D:4      | Found a glowing silver altar of Zin.
  3249 | D:4      | Reached XP level 7. HP: 68/68 MP: 6/6
  3488 | D:5      | Entered Level 5 of the Dungeon
  3500 | D:5      | Reached skill level 5 in Unarmed Combat
  3590 | D:5      | Found a radiant altar of Vehumet.
  3590 | D:5      | Found a sacrificial altar of Ru.
  3590 | D:5      | Found a bloodstained altar of Trog.
  3618 | D:5      | Reached * piety under Makhleb
  3669 | D:5      | Noticed a shadow
  3685 | D:5      | Killed a shadow
  3817 | D:5      | Noticed Pikel
  3848 | D:5      | Reached skill level 6 in Unarmed Combat
  3848 | D:5      | Reached XP level 8. HP: 63/78 MP: 7/7
  3855 | D:5      | Killed Pikel
  3856 | D:5      | Reached skill level 5 in Polearms
  3856 | D:5      | Reached skill level 5 in Shields
  4030 | D:5      | Reached skill level 7 in Unarmed Combat
  4305 | D:6      | Found Fekhlupecw's Weapon Emporium.
  4416 | D:6      | Reached skill level 5 in Fighting
  4417 | D:6      | Found Vumm's Magic Scroll Shop.
  4492 | D:6      | Reached XP level 9. HP: 88/88 MP: 8/8
  4504 | D:6      | Reached ** piety under Makhleb
  4593 | D:6      | Identified the +0 chain mail of Utuelysa {Str+3}
  4598 | D:6      | Found Tuilesoxi's Distillery.
  4600 | D:6      | Noticed Eustachio
  4611 | D:6      | Killed Eustachio
  4790 | D:6      | Reached skill level 8 in Unarmed Combat
  4793 | D:6      | Noticed a gargoyle
  4802 | D:6      | Killed a gargoyle
  4829 | D:6      | Noticed Blork the orc
  4835 | D:6      | Killed Blork the orc
  4871 | D:6      | Found Kus Inu's Book Emporium.
  5000 | D:6      | Found a shimmering blue altar of Sif Muna.
  5086 | D:7      | Found a sparkling altar of Nemelex Xobeh.
  5396 | D:8      | Noticed an elephant
  5397 | D:8      | Found a staircase to the Lair.
  5402 | D:8      | Noticed Joseph
  5409 | D:8      | Killed an elephant
  5410 | D:8      | Reached skill level 9 in Unarmed Combat
  5415 | D:8      | Killed Joseph
  5430 | D:8      | Reached XP level 10. HP: 74/98 MP: 9/9
  5579 | D:8      | Reached *** piety under Makhleb
  5694 | D:8      | Paralysed by a hornet for 3 turns
  5703 | D:8      | Paralysed by a hornet for 2 turns
  5708 | D:8      | Reached skill level 10 in Unarmed Combat
  5790 | D:8      | Found a flagged portal.
  5807 | Bailey   | Entered a bailey
  6128 | Bailey   | Reached **** piety under Makhleb
  6161 | Bailey   | Noticed a gargoyle
  6168 | Bailey   | Killed a gargoyle
  6377 | Bailey   | Found the +0 pair of fencer's gloves {Riposte Dex+3}
  6801 | D:9      | Found a glowing golden altar of the Shining One.
  6801 | D:9      | Found a snail-covered altar of Cheibriados.
  6802 | D:9      | Found an ancient bone altar of Kikubaaqudgha.
  6971 | D:9      | Reached skill level 11 in Unarmed Combat
  7293 | D:10     | Entered Level 10 of the Dungeon
  7517 | D:10     | Noticed a centaur warrior
  7535 | D:10     | Killed a centaur warrior
  7536 | D:10     | Reached XP level 11. HP: 103/109 MP: 10/10
  7689 | D:10     | Noticed Erica
  7702 | D:10     | Killed Erica
  7826 | D:10     | Noticed a cyan ugly thing
  7840 | D:10     | Killed a cyan ugly thing
  8139 | D:11     | Noticed Fannar
  8152 | D:11     | Killed Fannar
  8153 | D:11     | Reached skill level 12 in Unarmed Combat
  8192 | D:11     | Noticed a two-headed ogre
  8203 | D:11     | Killed a two-headed ogre
  8610 | D:11     | Noticed a two-headed ogre
  8613 | D:11     | Killed a two-headed ogre
  8816 | D:11     | Found a staircase to the Orcish Mines.
  8830 | D:11     | Noticed Harold
  8838 | D:11     | Killed Harold
  8839 | D:11     | Reached skill level 13 in Unarmed Combat
  8881 | D:11     | Noticed Sonja
  8903 | Abyss:2  | Cast into level 2 of the Abyss (Sonja)
  9027 | Abyss:2  | Noticed a large abomination
  9031 | Abyss:2  | Killed a large abomination
  9038 | Abyss:2  | Noticed a wretched star
  9058 | Abyss:2  | Lost intelligence.
  9060 | Abyss:2  | Noticed a large abomination
  9063 | Abyss:2  | Noticed a wolf spider
  9065 | Abyss:2  | Noticed a soul eater
  9065 | Abyss:2  | HP: 5/111 [worldbinder (3)]
  9065 | Abyss:2  | Mangled by a wolf spider

Illustrated notes

Levels and vault maps discovered:
D:1:      minmay_arrival_loop, layout_loops_ring, minmay_misc_feat_chi,
          fountainhead
D:2:      layout_loops_cross, basic_altar, minmay_small_reverse_x
D:3:      minmay_general_purpose_star, layout_loops_corners,
          lightli_temple_of_fire
D:4:      layout_layer_cave, mainiacjoe_overflow_six_doors_small
D:5:      layout_loops_ring, chequers_temple_overflow_statue_of_worship,
          uniq_pikel
D:6:      layout_basic, mainiacjoe_overflow_alcove_2, serial_shops, shop,
          nicolae_shop_bloodbath_and_beyond, nicolae_lakefront_shop,
          nicolae_shop_statue_plus, kennysheep_crisscross,
          chequers_serial_rivers_large_b, uniq_eustachio, uniq_blork_the_orc
D:7:      layout_loops_ring, mainiacjoe_overflow_tiny_flanked,
          minmay_temple_entry_junction, serial_shops,
          nicolae_shop_advertising_works [nicolae_subvault_shop_adworks],
          hex_large
D:8:      layout_basic, david_lair_generic, enter_bailey_2,
          nicolae_figureground_pulse, uniq_joseph
D:9:      layout_loops_ring, gammafunk_temple_overflow_forgotten
D:10:     layout_rooms, minmay_misc_feat_rugged, uniq_erica
D:11:     layout_basic, orc_0_dummy, nicolae_lava_and_water, uniq_sonja,
          uniq_harold, uniq_fannar
Abyss:2:  base:
D:9

Skill      XL: |  1  2  3  4  5  6  7  8  9 10 11 |
---------------+----------------------------------+-----
Shields        | 3 4 5 6 7 9 |  9.0
Dodging        | 3 |  3.0
Fighting       | 3 4 5 6 7 8 |  8.2
Unarmed Combat | 3 4 6 7 9 11 13 | 13.1
Polearms       | 1 2 3 4 5 6 |  6.6

Action                   |  1- 3 |  4- 6 |  7- 9 | 10-12 || total
-------------------------+-------+-------+-------+-------++-------
Melee: Unarmed           |    86 |     9 |    39 |   417 ||   551
       Spear             |       |    86 |   204 |       ||   290
Throw: Throwing net      |       |       |     3 |     1 ||     4
  Use: Scroll            |       |     8 |     4 |     8 ||    20
       Potion            |       |       |       |     7 ||     7
 Stab: Distracted        |     1 |       |       |       ||     1
Armor: Robe              |    24 |    23 |    58 |   147 ||   252
Dodge: Dodged            |    29 |    14 |    96 |   255 ||   394
Block: Kite shield       |    24 |    16 |    70 |   255 ||   365

Table legend: (Time is in decaauts)
 A = Elapsed time spent in this place.
 B = Non-inter-level travel time spent in this place.
 C = Inter-level travel time spent in this place.
 D = Time resting spent in this place.
 E = Time spent auto-exploring this place.
 F = Levels seen in this place.
 G = Mean time per level.
                   A        B        C        D        E       F      G
               +--------+--------+--------+--------+--------+-----+--------+
         Total |   9093 |   8793 |    300 |    487 |   6230 |  13 |  699.5 |
       Dungeon |   8334 |   8034 |    300 |    258 |   6021 |  11 |  757.6 |
         Abyss |    164 |    164 |      0 |    106 |      0 |   1 |  164.0 |
        Bailey |    595 |    595 |      0 |    122 |    209 |   1 |  595.0 |
               +--------+--------+--------+--------+--------+-----+--------+

Top non-repeatable levels by time:
     D:4: 1128 daAuts
     D:3: 995 daAuts
     D:6: 845 daAuts
    D:10: 825 daAuts
     D:8: 796 daAuts
    D:11: 775 daAuts
     D:5: 770 daAuts
     D:2: 748 daAuts
     D:1: 637 daAuts
     D:9: 607 daAuts
  Bailey: 595 daAuts
     D:7: 202 daAuts
 Abyss:2: 164 daAuts
